 Dungeon Crawl Stone Soup version 0.17.0-22-g5edae84 (webtiles) character file.

4127 septik the Severer (level 10, -7/115 HPs)
             Began as a Minotaur Berserker on Nov 12, 2015.
             Was a High Priest of Trog.
             Mangled by an orc warrior
             ... wielding a +0 war axe
              (13 damage)
             ... in a bailey.
             The game lasted 00:15:17 (5932 turns).

septik the Severer (Minotaur Berserker)             Turns: 5932, Time: 00:15:17

Health: -7/115     AC: 11    Str: 32    XL:     10   Next: 6%
Magic:  9/9        EV: 10    Int:  4    God:    Trog [*****.]
Gold:   149        SH:  0    Dex: 18    Spells: 0 memorised, 9 levels left

rFire  . . .     SeeInvis .     a - +0 hand axe
rCold  . . .     Clarity  .     Q - +1 chain mail of the Snail {Str+2}
rNeg   . . .     SustAt   .     (no shield)
rPois  .         Gourm    .     f - +2 hat
rElec  .         Spirit   .     (no cloak)
rCorr  .         Warding  .     (no gloves)
rMut   .         Stasis   .     (no boots)
MR     ++...                    (no amulet)
Stlth  ..........               F - +6 ring of dexterity
                                D - +2 ring of strength

@: berserking (expiring), regenerating, very quick, very resistant to hostile
enchantments, extremely unstealthy
A: retaliatory headbutt, horns 2
a: Berserk, Trog's Hand, Brothers in Arms, Burn Spellbooks, Renounce Religion


You were in a bailey.
You worshipped Trog.
Trog was extremely pleased with you.
You were hungry.

You visited 2 branches of the dungeon, and saw 8 of its levels.
You also visited: Bailey.

You collected 339 gold pieces.
You spent 190 gold pieces at shops.

Inventory:

Hand Weapons
 a - a +0 hand axe (weapon)
 e - a cursed -2 hunting sling
Missiles
 d - 199 stones (quivered)
Armour
 b - a +0 animal skin
 f - a +2 hat (worn)
 q - a +0 pair of gloves
 v - a +2 animal skin
 A - a cursed +0 plate armour
 E - a +0 plate armour
 Q - the +1 chain mail of the Snail (worn) {Str+2}
   (You bought it in a shop on level 6 of the Dungeon)

   It affects your strength (+2).
Jewellery
 D - a +2 ring of strength (left hand)
 F - a +6 ring of dexterity (right hand)
Wands
 s - a wand of confusion (2)
 t - a wand of confusion (2)
 u - a wand of frost (35)
 L - a wand of paralysis (24)
 S - a wand of enslavement (18)
Scrolls
 j - a scroll of amnesia
 k - 5 scrolls of remove curse {unknown}
 m - 5 scrolls of identify {unknown}
 o - a scroll of enchant weapon {unknown}
 y - 2 scrolls of random uselessness {unknown}
 z - a scroll of noise {unknown}
 B - 2 scrolls of fear
 I - 2 scrolls of enchant armour
 K - 3 scrolls of blinking {unknown}
 N - 2 scrolls of vulnerability
Potions
 i - 3 potions of brilliance {unknown}
 l - a potion of resistance {unknown}
 p - a potion of invisibility {unknown}
 r - 2 potions of might
 x - a potion of agility {unknown}
 C - a potion of ambrosia {unknown}
 G - a potion of poison {unknown}
 H - 3 potions of lignification {unknown}
 J - a potion of curing
 M - 2 potions of magic {unknown}
 O - 3 potions of heal wounds {unknown}
Comestibles
 c - 5 bread rations
 g - 3 meat rations
 h - 5 fruits
 n - 3 beef jerkies
 w - a slice of pizza
 P - a royal jelly
 U - 8 chunks of flesh


   Skills:
 - Level 3.6 Fighting
 * Level 16.5 Axes
 - Level 2.4 Armour
 - Level 2.1 Dodging


You had 9 spell levels left.
You didn't know any spells.

Dungeon Overview and Level Annotations

Branches:
Dungeon (7/15)             Temple (1/1) D:4

Altars:
Fedhas
Kikubaaqudgha
Makhleb
Nemelex Xobeh
Okawaru
Sif Muna
Trog
Vehumet
Xom

Shops:
D:6 ![=


Innate Abilities, Weirdness & Mutations

You reflexively headbutt those who attack you in melee.
You have a pair of horns on your head.


Message History

You hit the orc warrior.
The orc warrior is moderately wounded.
The orc warrior barely misses you.
The orc warrior hits you with a war axe!!
* * * LOW HITPOINT WARNING * * *
You slash the orc warrior!
You kill the orc warrior!
Trog accepts your kill.
You hit the orc warrior but do no damage.
You hit the orc warlord but do no damage.
The orc warlord is heavily wounded.
You hit the orc warrior.
The orc warrior is moderately wounded.
You slash the orc warrior!
The orc warrior is heavily wounded.
You hit the orc warrior.
The orc warrior is heavily wounded.
The orc warrior hits you but does no damage.
The orc warrior hits you with a war axe!
You die...

#...........#..........
#...........#......))).
###.).......###.....).).
###.#)#.....###.###...).#'
###...))###.###.....###.###.
##.....))..###....... ###...
#..........8##....... #....
#..........8#og...... #....
#∩....⌠.....@oo...... #....
#..........8#oo...... #....
#..........8##....... #....
##.........###....... ###...
###....)###.###.....###.###.
###.#)#.....###.###.....#+
###)).......###.........
#.).........#..........
#...........#..........


You could see an orc warlord, 4 orc warriors and a goblin.

Vanquished Creatures
  Pikel (D:6)
  An orc knight (Bailey)
  Grinder (D:6)
  2 soldier ants (D:5)
  Edmund (D:4)
  10 orc warriors
  4 slaves (D:6)
  A necrophage (D:5)
  An ice beast (D:6)
  A centaur (D:5)
  The ghost of crauler the Grave Robber, an amateur TeWn (D:3)
  A giant frog (D:6)
  A gnoll sergeant (D:5)
  A scorpion (D:5)
  A water moccasin skeleton (D:4)
  A centaur zombie (D:5)
  A giant frog zombie (D:4)
  3 crimson imps
  A giant frog skeleton (D:7)
  Crazy Yiuf (D:5)
  A centaur skeleton (D:4)
  An orc priest (D:6)
  2 hounds (D:5)
  An orc wizard (D:6)
  Terence (D:2)
  Natasha (thrice) (D:2)
  12 worker ants
  2 hound zombies
  Robin (D:2)
  18 gnolls
  4 adders
  A shadow imp (D:6)
  2 oozes
  An adder skeleton (D:6)
  3 worms
  3 giant geckos
  23 orcs
  7 giant cockroaches
  25 hobgoblins
  7 jackals
  4 quokkas
  A ball python (D:1)
  4 bats
  3 giant cockroach zombies (D:4)
  A giant gecko zombie (D:4)
  6 giant newts
  33 goblins
  4 kobolds
  A quokka zombie (D:4)
  11 rats
  2 butterflies (D:5)
223 creatures vanquished.

Notes
Turn   | Place    | Note
--------------------------------------------------------------
     0 | D:1      | septik the Minotaur Berserker began the quest for the Orb.
     0 | D:1      | Reached XP level 1. HP: 19/19 MP: 0/0
   157 | D:1      | Reached skill level 4 in Axes
   240 | D:1      | Reached XP level 2. HP: 19/26 MP: 1/1
   763 | D:2      | Reached ** piety under Trog
   777 | D:2      | Noticed Natasha
   780 | D:2      | Killed Natasha
   780 | D:2      | Reached skill level 5 in Axes
   780 | D:2      | Reached XP level 3. HP: 31/31 MP: 2/2
   798 | D:2      | Noticed Natasha
   813 | D:2      | Killed Natasha
   847 | D:2      | Noticed Terence
   885 | D:2      | Killed Terence
   885 | D:2      | Reached skill level 6 in Axes
   885 | D:2      | Reached XP level 4. HP: 16/39 MP: 3/3
   957 | D:2      | Noticed Natasha
   962 | D:2      | Killed Natasha
  1005 | D:2      | Noticed Robin
  1025 | D:2      | Killed Robin
  1646 | D:3      | Noticed crauler's ghost (amateur TeWn)
  1653 | D:3      | Killed crauler's ghost
  1653 | D:3      | Reached skill level 7 in Axes
  1653 | D:3      | Reached XP level 5. HP: 45/45 MP: 4/4
  1985 | D:3      | Reached *** piety under Trog
  2134 | D:3      | Found a radiant altar of Vehumet.
  2404 | D:4      | Found an ancient bone altar of Kikubaaqudgha.
  2432 | D:4      | Reached skill level 8 in Axes
  2493 | D:4      | Reached XP level 6. HP: 51/51 MP: 5/5
  2623 | D:4      | Found a staircase to the Ecumenical Temple.
  2705 | Temple   | Entered the Ecumenical Temple
  2828 | D:4      | Reached skill level 9 in Axes
  2887 | D:4      | Noticed Edmund
  2904 | D:4      | Killed Edmund
  2904 | D:4      | Reached XP level 7. HP: 57/57 MP: 6/6
  3203 | D:5      | Entered Level 5 of the Dungeon
  3205 | D:5      | Found a blossoming altar of Fedhas.
  3222 | D:5      | Reached skill level 10 in Axes
  3337 | D:5      | Reached skill level 11 in Axes
  3375 | D:5      | Found a sparkling altar of Nemelex Xobeh.
  3481 | D:5      | Noticed Crazy Yiuf
  3485 | D:5      | Killed Crazy Yiuf
  3485 | D:5      | Reached **** piety under Trog
  3485 | D:5      | Reached XP level 8. HP: 62/64 MP: 7/7
  3721 | D:5      | Found a runed door.
  3733 | D:5      | Found a runed door.
  3786 | D:5      | Reached skill level 12 in Axes
  4240 | D:5      | Reached skill level 13 in Axes
  4342 | D:6      | Found an iron altar of Okawaru.
  4373 | D:6      | Found a radiant altar of Vehumet.
  4431 | D:6      | Noticed Pikel
  4488 | D:6      | Killed Pikel
  4488 | D:6      | Reached skill level 14 in Axes
  4488 | D:6      | Reached XP level 9. HP: 51/70 MP: 8/8
  4509 | D:6      | Found Serimur's Antique Armour Emporium.
  4517 | D:6      | Bought a shimmering chain mail for 190 gold pieces
  4527 | D:6      | Identified the +1 chain mail of the Snail {Str+2} (You bought it in a shop on level 6 of the Dungeon)
  4556 | D:6      | Found Dol Qonn's Jewellery Shop.
  4669 | D:6      | Noticed Grinder
  4680 | D:6      | Killed Grinder
  4716 | D:6      | Found a shimmering altar of Xom.
  4750 | D:6      | Found Cimop's Distillery.
  5230 | D:7      | Found a flagged portal.
  5259 | Bailey   | Entered a bailey
  5334 | Bailey   | Reached ***** piety under Trog
  5338 | Bailey   | Reached skill level 15 in Axes
  5554 | Bailey   | Noticed an orc knight
  5560 | Bailey   | Killed an orc knight
  5564 | Bailey   | Reached skill level 16 in Axes
  5715 | Bailey   | Reached XP level 10. HP: 39/77 MP: 9/9
  5916 | Bailey   | Noticed an orc warlord
  5930 | Bailey   | HP: 5/115 [orc warrior/war axe (24)]
  5932 | Bailey   | Mangled by an orc warrior

Action                   |  1- 3 |  4- 6 |  7- 9 | 10-12 || total
-------------------------+-------+-------+-------+-------++-------
Melee: Hand axe          |    42 |   139 |   284 |    11 ||   476
Invok: Berserk           |     2 |     3 |     4 |     1 ||    10
       Trog's Hand       |     1 |       |     1 |     1 ||     3
  Use: Scroll            |       |       |     8 |       ||     8
  Eat: Chunk             |     1 |    10 |    14 |       ||    25
